[Event "ICCopen2017"]
[Site "Internet Chess Club"]
[Date "2017.03.25"]
[Round "8"]
[White "kaimann"]
[Black "Chigorinetz"]
[Result "0-1"]
[ICCResult "White resigns"]
[WhiteElo "1862"]
[BlackElo "1833"]
[Opening "Sicilian: Nimzovich-Rossolimo attack (without ...d6)"]
[ECO "B30"]
[NIC "SI.31"]
[Time "15:31:21"]
[TimeControl "180+0"]

1. e4 c5 2. Nf3 Nc6 3. Bb5 g5 4. Nxg5 Nf6 5. d3 Rg8 6. O-O Nd4 7. Bc4 d5 8.
exd5 b5 9. c3 bxc4 10. cxd4 cxd3 11. Qxd3 h6 12. Nh3 Qxd5 13. Nf4 Qxd4 14.
Qxd4 cxd4 15. g3 e5 16. Nd3 e4 17. Re1 Bb7 18. Bf4 Rc8 19. Nd2 Kd7 20. Ne5+
Ke6 21. Nb3 d3 22. Nxd3 Kf5 23. Ne5 Nh5 24. Nd4+ Kf6 25. Nd7+ Kg6 26. Nxf8+
Rgxf8 27. Be3 f5 28. Rec1 f4 29. gxf4 Nxf4 30. Rxc8 Bxc8 31. Rc1 Bh3 32.
Rc6+ Kh5 33. Rc5+ Kh4 34. Ne2 Nxe2+ 35. Kh1 Rg8 {White resigns} 0-1

[Event "ICCopen2017"]
[Site "Internet Chess Club"]
[Date "2017.03.25"]
[Round "8"]
[White "GOODZYLLA"]
[Black "parisian"]
[Result "1-0"]
[ICCResult "Black forfeits on time"]
[WhiteElo "1696"]
[BlackElo "1746"]
[Opening "Queen's pawn: Torre attack"]
[ECO "A46"]
[NIC "QP.04"]
[Time "15:30:17"]
[TimeControl "180+0"]

1. d4 Nf6 2. Nf3 e6 3. Bg5 Be7 4. Bxf6 Bxf6 5. e4 c5 6. c3 d5 7. e5 Be7 8.
Bd3 Nc6 9. O-O cxd4 10. cxd4 Qb6 11. Qd2 O-O 12. Nc3 Bd7 13. Rac1 Nb4 14.
Bb1 Rac8 15. a3 Na6 16. Ne2 g6 17. b4 Nc7 18. Qh6 a5 19. bxa5 Qxa5 20. Ng5
Bxg5 21. Qxg5 Bb5 22. Rfe1 Qxa3 23. Nf4 Bc4 24. Nh5 Ne8 25. Nf6+ Kh8 26. Qh6
Nxf6 27. exf6 Rg8 28. h4 Qf8 29. Qg5 h6 30. Qf4 h5 31. Re3 b5 32. Rg3 b4 33.
Qe5 b3 34. Rg5 Qh6 35. Re1 b2 36. Re3 Bb3 37. Rxh5 Rc1+ 38. Kh2
{Black forfeits on time}
1-0

[Event "ICCopen2017"]
[Site "Internet Chess Club"]
[Date "2017.03.25"]
[Round "8"]
[White "iliketal"]
[Black "AlonzoMosely"]
[Result "0-1"]
[ICCResult "White forfeits on time"]
[WhiteElo "1691"]
[BlackElo "2230"]
[Opening "Anderssen's opening"]
[ECO "A00"]
[NIC "VO.14"]
[Time "15:30:16"]
[TimeControl "180+0"]

1. a3 d5 2. b4 e5 3. Bb2 Bd6 4. Nf3 f6 5. e3 Ne7 6. c4 c6 7. d4 e4 8. Nfd2
O-O 9. Nc3 Be6 10. Be2 Nd7 11. Qb3 f5 12. g3 Nf6 13. a4 Bf7 14. b5 Qd7 15.
c5 Bc7 16. a5 Rae8 17. a6 bxa6 18. Rxa6 Bb8 19. bxc6 Qc8 20. Qb7 Bh5 21. Bb5
Rf7 22. O-O Ng6 23. Qxc8 Rxc8 24. Nb3 Rfc7 25. Na5 Ne7 26. Rc1 Be8 27. Bf1
Nxc6 28. Nb5 Re7 29. Nxc6 Bxc6 30. Rca1 Rb7 31. R1a5 Ne8 32. Bc3 Bd7 33.
Nxa7 Rcc7 34. c6 Be6 35. cxb7 Rxb7 36. Rxe6 Nc7 37. Re7 Bxa7 38. Bb4 Bb6 39.
Rb5 h6 40. Rxb6 Rxb6 41. Rxc7 Rxb4 42. Kg2 Rb1 43. Rc5 Rb2 44. Rxd5 Kf7 45.
Rxf5+ Kg6 46. Re5 Kh7 47. Rxe4 g6 48. Bd3 h5 49. Re7+ Kg8 50. Bxg6 Kf8 51.
Rd7 Rxf2+ {White forfeits on time} 0-1

[Event "ICCopen2017"]
[Site "Internet Chess Club"]
[Date "2017.03.25"]
[Round "8"]
[White "Eliezer"]
[Black "Brothersinarms"]
[Result "0-1"]
[ICCResult "White checkmated"]
[WhiteElo "1556"]
[BlackElo "1832"]
[Opening "QP counter-gambit (elephant gambit)"]
[ECO "C40"]
[NIC "KP.10"]
[Time "15:31:17"]
[TimeControl "180+0"]

1. e4 e5 2. Nf3 d5 3. d3 dxe4 4. dxe4 Qxd1+ 5. Kxd1 Bc5 6. Be3 Bxe3 7. fxe3
Nc6 8. Bd3 Bg4 9. h3 Bh5 10. g4 Bg6 11. Nbd2 Nf6 12. Ke2 O-O-O 13. c3 Rd7
14. Nc4 Rxd3 15. Kxd3 Bxe4+ 16. Ke2 Re8 17. Rhd1 h5 18. gxh5 Nxh5 19. Ncd2
Bg6 20. e4 Nf4+ 21. Ke3 Ne6 22. Nc4 f6 23. Rd5 Rh8 24. Rh1 Ng5 25. Nxg5 fxg5
26. Nxe5 Nxe5 27. Rxe5 g4 28. h4 Bh5 29. Rg5 g6 30. e5 Rf8 31. Rh2 Rf3+ 32.
Ke4 Rf1 33. e6 Kd8 34. Re5 Ke7 35. Kd3 g3 36. Rg2 Rf3+ 37. Kc2 Rf2+ 38. Rxf2
gxf2 39. Rxh5 gxh5 40. Kb3 f1=Q 41. a3 Qh3 42. Kb4 Qxh4+ 43. Kb3 Qf6 44. a4
Qxe6+ 45. Ka3 h4 46. b4 h3 47. a5 h2 48. c4 h1=Q 49. c5 Qa1# {White
checkmated} 0-1

[Event "ICCopen2017"]
[Site "Internet Chess Club"]
[Date "2017.03.25"]
[Round "8"]
[White "fiume"]
[Black "Chamanx"]
[Result "0-1"]
[ICCResult "White forfeits on time"]
[WhiteElo "1892"]
[BlackElo "1530"]
[Opening "Ruy Lopez: Worrall attack, sharp line"]
[ECO "C78"]
[NIC "RL.12"]
[Time "15:30:37"]
[TimeControl "180+0"]

1. e4 e5 2. Nf3 Nc6 3. Bb5 a6 4. Ba4 Nf6 5. O-O b5 6. Bb3 Be7 7. Qe2 O-O 8.
c3 d5 9. d3 dxe4 10. dxe4 Bg4 11. Rd1 Qc8 12. Bg5 Nh5 13. Bxe7 Nxe7 14. Nbd2
Nf4 15. Qe3 Neg6 16. g3 Nh3+ 17. Kg2 Bxf3+ 18. Nxf3 Kh8 19. Ng1 f5 20. Nxh3
f4 21. Qf3 fxg3 22. Qxg3 Nf4+ 23. Nxf4 exf4 24. Qf3 g5 25. h3 Qe8 26. Rh1
Qg6 27. Rae1 h5 28. Kf1 Kg7 29. Rd1 Rad8 30. Ke2 g4 31. hxg4 hxg4 32. Rxd8
gxf3+ 33. Kxf3 Rxd8 34. Bd5 Rf8 35. Rh2 Kf6 36. Rg2 Qh5+ 37. Kxf4 Ke7+ 38.
Ke3 Qh6+ 39. Kd4 c5+ 40. Kxc5 Rc8+ 41. Kd4 Qd2+ 42. Ke5 Qh6 43. Kd4 Qh7 44.
Kd3 Rd8 45. Ke3 Rxd5 {White forfeits on time} 0-1

[Event "ICCopen2017"]
[Site "Internet Chess Club"]
[Date "2017.03.25"]
[Round "8"]
[White "JUGGERNOT"]
[Black "nmd"]
[Result "1-0"]
[ICCResult "Black forfeits on time"]
[WhiteElo "1828"]
[BlackElo "1564"]
[Opening "Bird's opening"]
[ECO "A02"]
[NIC "VO.07"]
[Time "15:30:19"]
[TimeControl "180+0"]

1. f4 c5 2. Nf3 Nc6 3. e4 d6 4. Be2 g6 5. O-O Bg7 6. d3 e6 7. c3 Nge7 8. Qe1
O-O 9. Qh4 f5 10. Nbd2 Rb8 11. Ng5 h6 12. Ngf3 d5 13. e5 Bd7 14. Qg3 Kh7 15.
d4 b6 16. Kh1 Be8 17. Qh3 Kg8 18. Nb3 c4 19. Nbd2 Bf7 20. a4 a6 21. g4 fxg4
22. Qxg4 Nf5 23. Rg1 b5 24. axb5 axb5 25. Nf1 b4 26. Nh4 Nxh4 27. Ra6 Rc8
28. Be3 Nf5 29. Bf2 bxc3 30. bxc3 Nce7 31. h4 Ra8 32. Rxa8 Qxa8 33. Ng3 h5
34. Qh3 Nxg3+ 35. Qxg3 Qa3 36. Be1 Nf5 37. Qf3 Qb2 38. Bf1 Ra8 39. Bh3 Ra2
40. Rg2 Qb1 41. Rxa2 Qxa2 42. Bxf5 gxf5 43. Qd1 Qb3 44. Qa1 Bf8 45. Kg2 Qd1
46. Qxd1 Kg7 47. Qa4 Kg6 48. Qa8 Kg7 49. Qd8 Bg6 50. Qg5 Kf7 51. Qd8 Be7 52.
Qc7 Ke8 53. Kh3 Kf7 54. Bd2 Ke8 55. Bc1 Kf7 56. Bb2 Ke8 57. Qc8+ Kf7 58. Qa6
Bh7 59. Ba3 Bxa3 60. Qxa3 Ke8 61. Qd6 Kf7 62. Qd7+ Kf8 63. Qxe6 Bg8 64.
Qxf5+ Ke8 65. Qxh5+ Kd7 66. Qg5 Kc6 67. Qxg8 Kb5 68. h5 Ka4 69. h6 Kb3 70.
Qxd5 Kxc3 71. e6 Kd3 72. e7 c3 73. Qc5 c2 74. Qxc2+ Kxc2 75. e8=Q Kd3 76. d5
Kd4 77. d6 Kd3 78. d7 {Black forfeits on time} 1-0

[Event "ICCopen2017"]
[Site "Internet Chess Club"]
[Date "2017.03.25"]
[Round "8"]
[White "jasrom"]
[Black "dhar2603"]
[Result "1-0"]
[ICCResult "Black forfeits on time"]
[WhiteElo "1987"]
[BlackElo "1807"]
[Opening "Sicilian: Grand Prix attack"]
[ECO "B23"]
[NIC "SI.44"]
[Time "15:30:39"]
[TimeControl "180+0"]

1. e4 c5 2. Nc3 Nc6 3. f4 g6 4. Nf3 Bg7 5. Bb5 Nd4 6. O-O Nxb5 7. Nxb5 a6 8.
Nc3 d6 9. d3 Nf6 10. Qe1 O-O 11. f5 b5 12. Qh4 b4 13. Ne2 e6 14. Bg5 exf5
15. Ng3 h6 16. Bxh6 Nxe4 17. Bg5 Nf6 18. Rae1 Bb7 19. Ne2 c4 20. d4 Re8 21.
Nf4 Re4 22. c3 d5 23. Nd2 Rxe1 24. Rxe1 Qd6 25. Nf3 Ne4 26. Be7 Qc7 27. Bxb4
Re8 28. Ng5 {Black forfeits on time} 1-0

[Event "ICCopen2017"]
[Site "Internet Chess Club"]
[Date "2017.03.25"]
[Round "8"]
[White "Wilsonpalencia"]
[Black "CapitanCentella"]
[Result "1-0"]
[ICCResult "Black resigns"]
[WhiteElo "2549"]
[BlackElo "1818"]
[Opening "Caro-Kann: advance variation"]
[ECO "B12"]
[NIC "CK.04"]
[Time "15:30:46"]
[TimeControl "180+0"]

1. e4 c6 2. d4 d5 3. e5 Bf5 4. Nc3 e6 5. g4 Bg6 6. Nge2 h6 7. h4 Be7 8. h5
Bh7 9. Be3 Nd7 10. Qd2 b5 11. O-O-O a5 12. Kb1 a4 13. Nc1 b4 14. N3e2 Nb6
15. Nf4 b3 16. Bd3 bxa2+ 17. Ka1 Bxd3 18. Ncxd3 Nc4 19. Qc3 Qb6 20. Nc5 Bxc5
21. dxc5 Qb5 22. Bd4 Ne7 23. Nd3 Rb8 24. f4 Kd7 25. Kxa2 Rb7 26. Rb1 Ra8 27.
Rhf1 g6 28. hxg6 fxg6 29. Rh1 Rh8 30. Rbf1 a3 31. b3 Nb2 32. f5 Nxd3 33.
cxd3 gxf5 34. gxf5 Nxf5 35. Rxf5 exf5 36. e6+ Kc7 37. Bxh8 Rb8 38. Be5+ Kb7
39. Bxb8 Kxb8 40. e7 {Black resigns} 1-0

[Event "ICCopen2017"]
[Site "Internet Chess Club"]
[Date "2017.03.25"]
[Round "8"]
[White "ivancele"]
[Black "HEM"]
[Result "0-1"]
[ICCResult "White forfeits on time"]
[WhiteElo "1383"]
[BlackElo "1448"]
[Opening "King's Indian: Four pawns attack"]
[ECO "E76"]
[NIC "KI.57"]
[Time "15:30:39"]
[TimeControl "180+0"]

1. d4 Nf6 2. c4 g6 3. Nc3 Bg7 4. e4 d6 5. f4 O-O 6. Nf3 c5 7. d5 e6 8. Be2
exd5 9. exd5 Re8 10. O-O Bf5 11. Bd3 Ne4 12. Nxe4 Bxe4 13. Rb1 Nd7 14. b3
Nf6 15. h3 Qa5 16. a4 Qc3 17. Bxe4 Nxe4 18. Kh2 Qb4 19. Bb2 Nc3 20. Bxc3
Qxc3 21. Qd2 Re3 22. Qxc3 Bxc3 23. Rf2 Rae8 24. g3 Bd4 25. Nxd4 cxd4 26. Kg2
Rc3 27. Rd2 Ree3 28. Rxd4 Rxg3+ 29. Kf2 Rxh3 30. Rg1 Rc2+ 31. Kf1 Rxb3
{White forfeits on time}
0-1

[Event "ICCopen2017"]
[Site "Internet Chess Club"]
[Date "2017.03.25"]
[Round "8"]
[White "EGK"]
[Black "vishweshk"]
[Result "1-0"]
[ICCResult "Black checkmated"]
[WhiteElo "1919"]
[BlackElo "1699"]
[Opening "Queen's pawn game"]
[ECO "E10"]
[NIC "QI.01"]
[Time "15:30:55"]
[TimeControl "180+0"]

1. d4 e6 2. Nf3 Nf6 3. c4 Be7 4. Nc3 O-O 5. Bg5 b6 6. e4 Bb7 7. Bd3 d6 8.
O-O Nbd7 9. Qc2 e5 10. Rfe1 exd4 11. Nxd4 Ne5 12. Bf1 Re8 13. f4 Nc6 14. Nf5
Bf8 15. Nd5 a5 16. Nh6+ gxh6 17. Nxf6+ Kh8 18. Nxe8 hxg5 19. Qc3+ Ne5 20.
fxe5 Qxe8 21. exd6+ Bg7 22. e5 cxd6 23. Qg3 dxe5 24. Qxg5 Rd8 25. Rad1 Rc8
26. Be2 e4 27. Bg4 Rxc4 28. Rd8 Rc8 29. Bxc8 Qg8 30. Rxg8+ Kxg8 31. Rd1 h6
32. Rd8+ Kh7 33. Bf5# {Black checkmated} 1-0

[Event "ICCopen2017"]
[Site "Internet Chess Club"]
[Date "2017.03.25"]
[Round "8"]
[White "Norgeman"]
[Black "Gruble"]
[Result "0-1"]
[ICCResult "White forfeits on time"]
[WhiteElo "1510"]
[BlackElo "1724"]
[Opening "Pirc defense"]
[ECO "B07"]
[NIC "PU.08"]
[Time "15:30:16"]
[TimeControl "180+0"]

1. d4 d6 2. e4 Nf6 3. Bd3 e5 4. Nf3 Nbd7 5. h3 Be7 6. O-O O-O 7. Nc3 exd4 8.
Nxd4 Ne5 9. Be2 c6 10. f4 Ng6 11. Nf5 Bxf5 12. exf5 Nh4 13. Bd3 g6 14. fxg6
Nxg6 15. Be3 d5 16. Qd2 d4 17. Bxg6 dxe3 18. Qxd8 Raxd8 19. Bd3 Bc5 20. Kh2
Nd5 21. Ne2 f5 22. a3 Bd6 23. g3 b5 24. b4 a6 25. c4 Ne7 26. Rad1 Ng6 27. c5
Bc7 28. Bc2 Rxd1 29. Rxd1 Rd8 30. Bb3+ Kg7 31. Nd4 Nxf4 32. gxf4 Bxf4+ 33.
Kg2 Kf6 34. Kf3 Be5 35. Nxc6 Rxd1 36. Bxd1 f4 37. Nxe5 Kxe5 38. Be2 h6 39.
h4 Kf5 40. h5 Ke5 41. c6 Kd6 42. Kxf4 Kxc6 43. Kxe3 Kd5 44. Kf4 Kd4 45. Kf5
Kc3 {White forfeits on time} 0-1

[Event "ICCopen2017"]
[Site "Internet Chess Club"]
[Date "2017.03.25"]
[Round "8"]
[White "Atomrod"]
[Black "Istrebitel"]
[Result "1-0"]
[ICCResult "Black resigns"]
[WhiteElo "2322"]
[BlackElo "1722"]
[Opening "Queen's pawn game, Darooha variation "]
[ECO "D11"]
[NIC "QP.08"]
[Time "15:30:35"]
[TimeControl "180+0"]

1. d4 d5 2. Nf3 Nf6 3. c4 c6 4. Qc2 a6 5. Bf4 e6 6. e3 Bd6 7. Bxd6 Qxd6 8.
Nbd2 Nbd7 9. Rc1 O-O 10. Be2 Re8 11. O-O e5 12. dxe5 Nxe5 13. Nxe5 Qxe5 14.
Nf3 Qe7 15. Rfd1 Bg4 16. h3 Bh5 17. cxd5 Nxd5 18. Qc5 Qxc5 19. Rxc5 Rad8 20.
Nd4 Bxe2 21. Nxe2 Nf6 22. Rxd8 Rxd8 23. Nd4 Kf8 24. b4 Ne4 25. Rc2 Rd5 26.
a4 Ke7 27. g4 h5 28. Kg2 hxg4 29. hxg4 Nd6 30. Kf3 f5 31. gxf5 Nxf5 32. Nb3
Nd6 33. Nc5 Kf6 34. Ke2 g5 35. f3 Ke5 36. Nd3+ Kf6 37. Rc1 a5 38. bxa5 Rxa5
39. Nc5 Ke5 40. e4 Kf6 41. Ke3 Ra8 42. Kd4 Re8 43. Rb1 Re7 44. a5 Nb5+ 45.
Ke3 Re6 46. Nxe6 {Black resigns} 1-0

[Event "ICCopen2017"]
[Site "Internet Chess Club"]
[Date "2017.03.25"]
[Round "8"]
[White "xvs"]
[Black "muhit"]
[Result "0-1"]
[ICCResult "White forfeits on time"]
[WhiteElo "1595"]
[BlackElo "1793"]
[Opening "King's Indian: orthodox, Aronin-Taimanov, main line"]
[ECO "E99"]
[NIC "KI.02"]
[Time "15:31:16"]
[TimeControl "180+0"]

1. d4 Nf6 2. c4 g6 3. Nf3 Bg7 4. Nc3 d6 5. e4 O-O 6. Be2 e5 7. O-O Nc6 8. d5
Ne7 9. Ne1 Nd7 10. f3 f5 11. Be3 Nf6 12. Nd3 b6 13. b4 f4 14. Bf2 g5 15. a4
Rf7 16. a5 bxa5 17. Rxa5 Bf8 18. Rxa7 Rxa7 19. Bxa7 Rg7 20. c5 g4 21. cxd6
cxd6 22. b5 Ng6 23. b6 gxf3 24. Bxf3 Nh4 25. Kh1 Nxf3 26. gxf3 Ba6 27. Rg1
Nh5 28. Nb4 Bb7 29. Nc6 Qh4 30. Rxg7+ Bxg7 31. Ne2 Qf2 32. Ng1 Ba6 33. Nd8
Ng3+ 34. hxg3 fxg3 {White forfeits on time} 0-1

[Event "ICCopen2017"]
[Site "Internet Chess Club"]
[Date "2017.03.25"]
[Round "8"]
[White "Unico"]
[Black "BMWHero"]
[Result "0-1"]
[ICCResult "White resigns"]
[WhiteElo "2465"]
[BlackElo "2085"]
[Opening "Catalan opening"]
[ECO "E00"]
[NIC "CA.01"]
[Time "15:31:13"]
[TimeControl "180+0"]

1. d4 Nf6 2. c4 e6 3. g3 Bb4+ 4. Bd2 a5 5. Bg2 d6 6. Nc3 Nbd7 7. Nf3 e5 8.
O-O exd4 9. Nxd4 O-O 10. Qc2 Re8 11. Rad1 Ne5 12. b3 Bc5 13. Bg5 h6 14. Bxf6
Qxf6 15. Ne4 Qe7 16. Nxc5 dxc5 17. Nf5 Bxf5 18. Qxf5 c6 19. Rd2 f6 20. Rfd1
Rad8 21. Be4 g6 22. Qf4 Kg7 23. h4 Rxd2 24. Rxd2 Nf7 25. Bf3 Rd8 26. Kg2 g5
27. Qf5 Rxd2 28. Be4 Rxe2 29. Kf3 Rxe4 30. Qxe4 Qxe4+ 31. Kxe4 Nd6+ 32. Kd3
f5 33. hxg5 hxg5 34. f3 f4 35. g4 Kf6 36. Kc3 Ke5 37. Kd3 b5 38. a4 bxa4 39.
bxa4 Nc8 40. Kc3 Nb6 41. Kb3 Kd4 42. Ka3 Nxc4+ 43. Kb3 Kd3 44. Ka2 Nd2 45.
Kb2 c4 46. Kc1 c3 47. Kd1 c2+ 48. Kc1 Nb3+ 49. Kb2 c1=Q+ 50. Ka2 Qa1+ 51.
Kxb3 Qb1+ 52. Ka3 Qb4+ 53. Ka2 Kc2 {White resigns} 0-1

[Event "ICCopen2017"]
[Site "Internet Chess Club"]
[Date "2017.03.25"]
[Round "8"]
[White "Gravity"]
[Black "Huty"]
[Result "0-1"]
[ICCResult "White forfeits on time"]
[WhiteElo "1098"]
[BlackElo "1382"]
[Opening "Bird's opening"]
[ECO "A03"]
[NIC "VO.07"]
[Time "15:30:27"]
[TimeControl "180+0"]

1. f4 d5 2. Nf3 Nc6 3. e3 Nf6 4. Be2 Bg4 5. b3 Bxf3 6. Bxf3 e5 7. fxe5 Nxe5
8. Be2 Bd6 9. O-O O-O 10. Bb2 Ne4 11. d3 Ng5 12. Nd2 f5 13. Nf3 Nexf3+ 14.
Bxf3 Nxf3+ 15. Qxf3 c6 16. e4 f4 17. Qg4 g6 18. Qe6+ Rf7 19. e5 Bc5+ 20. d4
Bb6 21. c3 Qe7 22. Qxe7 Rxe7 23. Rxf4 c5 24. Ba3 Rf7 25. Raf1 Raf8 26. Rf6
Rxf6 27. exf6 Rf7 28. dxc5 Bc7 29. b4 Be5 30. Rf3 Rxf6 31. Rxf6 Bxf6 32. Bb2
Kf7 33. a4 Ke7 34. b5 Kd7 35. Kf2 Kc7 36. Ke2 Be7 37. Ba3 b6 38. cxb6+ Kxb6
39. Bxe7 Ka5 40. Bc5 Kxa4 41. Bxa7 Kxb5 42. Bd4 Kc4 43. Ke3 Kb5 44. g4 h6
45. h4 Kc6 46. g5 hxg5 47. hxg5 Kd6 48. Kf4 Ke6 49. Bf6 d4 50. cxd4 Kd5
{White forfeits on time}
0-1

[Event "ICCopen2017"]
[Site "Internet Chess Club"]
[Date "2017.03.25"]
[Round "8"]
[White "PazificDreams"]
[Black "DropZone"]
[Result "1-0"]
[ICCResult "Black checkmated"]
[WhiteElo "2649"]
[BlackElo "2140"]
[Opening "Queen's pawn game"]
[ECO "D02"]
[NIC "QP.08"]
[Time "15:30:27"]
[TimeControl "180+0"]

1. d4 d5 2. Nf3 Bf5 3. c4 e6 4. Nc3 c6 5. Bg5 Qb6 6. Qb3 dxc4 7. Qxb6 axb6
8. e4 Bg6 9. Bxc4 b5 10. Bd3 h6 11. Be3 Nf6 12. Ne5 Bh7 13. f3 Nbd7 14. Nxd7
Nxd7 15. Kf2 Be7 16. Rhd1 O-O 17. Rd2 Rfd8 18. Bc2 Nb6 19. Bb3 Nc4 20. Bxc4
bxc4 21. Rc1 Bb4 22. a3 Bxc3 23. Rxc3 b5 24. Rc1 Bg6 25. Rcd1 f6 26. d5 exd5
27. exd5 cxd5 28. Rxd5 Rxd5 29. Rxd5 Be8 30. Bd2 Rc8 31. Bc3 Bc6 32. Rd6 Kf7
33. h4 Ke7 34. Bb4 Kf7 35. Kg3 g6 36. Bc3 Be8 37. Rxf6+ Ke7 38. h5 gxh5 39.
Rxh6 Rc6 40. Rh7+ Bf7 41. Bb4+ Ke8 42. Rh8+ Kd7 43. Rb8 Rg6+ 44. Kf2 Rg5 45.
Rb7+ Ke6 46. Re7+ Kf6 47. Rb7 Rd5 48. Bc3+ Kg6 49. Kg3 Rg5+ 50. Kh2 Rd5 51.
Rb6+ Kh7 52. Rf6 Kg8 53. Rh6 Rd3 54. Rh8# {Black checkmated} 1-0

[Event "ICCopen2017"]
[Site "Internet Chess Club"]
[Date "2017.03.25"]
[Round "8"]
[White "zhuzhenghai008"]
[Black "fisek2007"]
[Result "1-0"]
[ICCResult "Black forfeits on time"]
[WhiteElo "1942"]
[BlackElo "2307"]
[Opening "QGD Slav defense"]
[ECO "D10"]
[NIC "SL.01"]
[Time "15:30:37"]
[TimeControl "180+0"]

1. d4 d5 2. c4 c6 3. Nc3 Nf6 4. e3 Bf5 5. cxd5 Nxd5 6. Bc4 e6 7. Nge2 Be7 8.
O-O O-O 9. e4 Nxc3 10. Nxc3 Bg6 11. Be3 Nd7 12. f3 Qb6 13. Qe2 Rad8 14. f4
c5 15. d5 Nf6 16. d6 Bxd6 17. e5 Be7 18. exf6 Bxf6 19. Rad1 Qb4 20. a3 Qa5
21. Qf2 Bxc3 22. bxc3 Qxc3 23. Rc1 Qa5 24. Bxc5 Rfe8 25. Bxa7 Rd2 26. Bb6
Rxf2 27. Bxa5 Rxf1+ 28. Kxf1 Be4 29. Bb5 Ra8 30. Bb4 h5 31. Kf2 Kh7 32. g3
Kg6 33. Ke3 f5 34. Rc7 Rd8 35. Bc3 Rd1 36. Rxg7+ Kh6 37. Rc7 Rc1 38. Bg7+
{Black forfeits on time}
1-0

[Event "ICCopen2017"]
[Site "Internet Chess Club"]
[Date "2017.03.25"]
[Round "8"]
[White "RdgMx"]
[Black "Vertdeces"]
[Result "1-0"]
[ICCResult "Black forfeits on time"]
[WhiteElo "1827"]
[BlackElo "1759"]
[Opening "Queen's pawn"]
[ECO "A40"]
[NIC "QO.17"]
[Time "15:30:19"]
[TimeControl "180+0"]

1. d4 a6 2. Nf3 h6 3. Bf4 b5 4. e3 d6 5. Nbd2 g5 6. Bg3 Bg7 7. c4 e6 8. cxb5
Ne7 9. bxa6 Bxa6 10. Bxa6 Rxa6 11. O-O O-O 12. Qc2 Rc6 13. Qb3 Nd5 14. Rac1
Rb6 15. Qc2 Nb4 16. Qb1 c5 17. a3 Nd5 18. Nc4 Rc6 19. dxc5 dxc5 20. Be5 f6
21. Bc3 Nxc3 22. Rxc3 f5 23. Rd3 Qc7 24. Rfd1 Rc8 25. Rd6 Bf8 26. Rxc6 Nxc6
27. Qd3 Rd8 28. Qc2 Rxd1+ 29. Qxd1 g4 30. Nh4 Kf7 31. g3 Be7 32. Ng2 Bf6 33.
Qe2 Qb8 34. Nf4 Ke7 35. Ng6+ Kf7 36. Nf4 Ke7 37. Qd2 Qc8 38. Qd6+ Kf7 39.
Nb6 Qb7 40. Qxe6+ Kg7 41. Nbd5 Bxb2 42. Qg6+ Kh8 43. Qxh6+ Kg8 44. Qg6+ Kh8
45. Qh5+ Kg8 46. Qxf5 c4 47. Qxg4+ Kh8 48. Ng6+ Kh7 49. Qh5+ Kg7 50. Ngf4
Ne7 51. Qg5+ Kf7 52. Qh5+ Kg7 53. Ne6+ Kg8 54. Qe8+ Kh7 55. Qf7+ Kh6 56.
Ndf4 Qe4 57. Qg7+ Bxg7 58. Nxg7 c3 59. Nge6 c2 60. Ne2 Qf3 61. N6d4 Qe4 62.
Nc1 Qxd4 63. exd4 Nd5 64. f3 Nc3 65. Kg2 Na2 66. Nxa2 {Black forfeits on
time} 1-0

[Event "ICCopen2017"]
[Site "Internet Chess Club"]
[Date "2017.03.25"]
[Round "8"]
[White "sacov"]
[Black "Papasha"]
[Result "0-1"]
[ICCResult "White resigns"]
[WhiteElo "2139"]
[BlackElo "2496"]
[Opening "Queen's Indian: 4.Nc3"]
[ECO "E12"]
[NIC "QI.02"]
[Time "15:31:16"]
[TimeControl "180+0"]

1. d4 Nf6 2. Nf3 e6 3. c4 b6 4. Nc3 Bb7 5. Bg5 Bb4 6. Qb3 c5 7. e3 h6 8. Bh4
Bxf3 9. gxf3 Nc6 10. d5 Ne5 11. Be2 Ng6 12. Bg3 e5 13. a3 Ba5 14. Bd3 d6 15.
Qb5+ Qd7 16. Ke2 Bxc3 17. bxc3 O-O 18. Qb1 Nh5 19. Bxg6 fxg6 20. Qxg6 Rf5
21. Qg4 Nf6 22. Qg6 Rf8 23. e4 Rg5 24. Qxg5 hxg5 25. h4 Qa4 26. hxg5 Qxc4+
27. Kd2 Nh7 28. g6 Ng5 29. Rh5 Nxf3+ 30. Kc2 Rf6 31. Rah1 Rxg6 32. Rh8+ Kf7
33. Rd8 Qxe4+ 34. Kb2 Nd2 35. Rhh8 Nc4+ 36. Kb3 Qxd5 37. Rhf8+ Ke6 38. Rde8+
Kd7 39. Rd8+ Kc6 40. Rc8+ Kb7 41. Rb8+ Ka6 42. Kc2 Rf6 43. Rg8 Rf3 44. Kc1
Qd2+ {White resigns} 0-1

[Event "ICCopen2017"]
[Site "Internet Chess Club"]
[Date "2017.03.25"]
[Round "8"]
[White "Lovelife"]
[Black "ASidorov"]
[Result "1-0"]
[ICCResult "Black forfeits on time"]
[WhiteElo "1954"]
[BlackElo "2295"]
[Opening "Sicilian defense"]
[ECO "B20"]
[NIC "SI.48"]
[Time "15:30:37"]
[TimeControl "180+0"]

1. e4 c5 2. b3 e5 3. Bb2 d6 4. Bc4 Be6 5. Nc3 Bxc4 6. bxc4 Nf6 7. Nge2 Be7
8. O-O O-O 9. f4 Nc6 10. f5 Nd4 11. d3 Nd7 12. Nd5 Bg5 13. Ng3 Nb6 14. f6 g6
15. Qg4 Nxd5 16. Qxg5 Nc7 17. Bxd4 cxd4 18. Qh6 Ne6 19. Rf3 Kh8 20. Raf1 Rg8
21. Nh1 Qf8 22. Qd2 Nf4 23. Nf2 Qh6 24. Kh1 g5 25. Ng4 Qh5 26. Rg3 Rg6 27.
Qb4 Rd8 28. Qxb7 Ne2 29. Rff3 Nxg3+ 30. Rxg3 Qh4 31. Qxf7 Rdg8 32. Qe7 h5
33. f7 hxg4 34. fxg8=Q+ Rxg8 35. Qf6+ Rg7 36. Qf8+ Kh7 37. Qxd6 Rg6 38. Qxe5
Rg7 39. Qf5+ Rg6 40. Qxg4 Kh6 41. Qxh4+ gxh4 42. Rxg6+ Kxg6 43. g4 Kg5 44.
h3 {Black forfeits on time} 1-0

[Event "ICCopen2017"]
[Site "Internet Chess Club"]
[Date "2017.03.25"]
[Round "8"]
[White "CristianS"]
[Black "motipen"]
[Result "1/2-1/2"]
[ICCResult "Game drawn by repetition"]
[WhiteElo "2132"]
[BlackElo "1818"]
[Opening "Queen's pawn game"]
[ECO "D04"]
[NIC "QP.08"]
[Time "15:30:56"]
[TimeControl "180+0"]

1. d4 d5 2. Nf3 Nf6 3. e3 g6 4. Bd3 Bg7 5. Nbd2 O-O 6. O-O b6 7. Re1 c5 8.
c3 Bb7 9. b3 Nbd7 10. Bb2 Ne4 11. Qc2 Ndf6 12. c4 Nxd2 13. Nxd2 cxd4 14.
exd4 dxc4 15. bxc4 Rc8 16. Rac1 Ne8 17. Be4 Bxe4 18. Qxe4 e6 19. Ba3 Nf6 20.
Qe3 Re8 21. Nf3 Qd7 22. Ne5 Qb7 23. h3 Nd7 24. f4 Nxe5 25. fxe5 Red8 26. Qf2
b5 27. cxb5 Qxb5 28. Bd6 Qd5 29. Rf1 f5 30. exf6 Bxf6 31. Qxf6 Qxd6 32. Rxc8
Rxc8 33. d5 Qc5+ 34. Kh1 exd5 35. Qe6+ Kh8 36. Qf6+ Kg8 37. Qe6+ Kh8 38.
Qf6+ Kg8 39. Qe6+ Kh8 40. Qf6+ Kg8 41. Qe6+ Kh8 42. Qf6+ Kg8
{Game drawn by repetition}
1/2-1/2

[Event "ICCopen2017"]
[Site "Internet Chess Club"]
[Date "2017.03.25"]
[Round "8"]
[White "LionKing93"]
[Black "tigerr"]
[Result "1-0"]
[ICCResult "Black checkmated"]
[WhiteElo "2132"]
[BlackElo "1937"]
[Opening "Sicilian: Najdorf, 7...Be7"]
[ECO "B98"]
[NIC "SI.09"]
[Time "15:30:43"]
[TimeControl "180+0"]

1. e4 c5 2. Nf3 d6 3. d4 cxd4 4. Nxd4 Nf6 5. Nc3 a6 6. Bg5 e6 7. f4 Be7 8.
Qe2 O-O 9. O-O-O Qc7 10. g4 b5 11. a3 Bb7 12. h4 Nbd7 13. Bxf6 Bxf6 14. g5
Bxd4 15. Rxd4 e5 16. Nd5 Bxd5 17. Rxd5 exf4 18. h5 Ne5 19. g6 h6 20. Bh3
fxg6 21. hxg6 f3 22. Qe3 f2 23. Be6+ Nf7 24. gxf7+ Kh7 25. Qxf2 Qe7 26. Qf5+
g6 27. Qh3 Kg7 28. Qxh6+ Kf6 29. Qg5+ Kxe6 30. Qxg6+ Kd7 31. Rhd1 Kc7 32.
Rxd6 Ra7 33. Rd7+ Qxd7 34. Rxd7+ Kxd7 35. Qf5+ Kd8 36. Qd5+ Rd7 37. Qa8+ Ke7
38. Qxa6 Rxf7 39. b3 Rf1+ 40. Kb2 Rf2 41. Qxb5 Rdd2 42. Qc5+ Ke6 43. a4 Rfe2
44. a5 Rd6 45. a6 Rxe4 46. a7 Rd8 47. Qc6+ Kf5 48. a8=Q Rxa8 49. Qxa8 Kf4
50. Qxe4+ Kxe4 51. Ka3 Kd5 52. Ka4 Kc5 53. Ka5 Kc6 54. Ka6 Kd6 55. b4 Kc6
56. b5+ Kc7 57. Ka7 Kd6 58. b6 Kc6 59. b7 Kc5 60. b8=Q Kc4 61. Qb6 Kc3 62.
Qb5 Kxc2 63. Qb4 Kd3 64. Qc5 Ke4 65. Qd6 Kf3 66. Qe5 Kf2 67. Qe4 Kg3 68. Qf5
Kg2 69. Qf4 Kg1 70. Qd2 Kf1 71. Kb6 Kg1 72. Kc5 Kf1 73. Kd4 Kg1 74. Ke3 Kh1
75. Qe2 Kg1 76. Kf3 Kh1 77. Qg2# {Black checkmated} 1-0